| TOP OF THE 1ST |
|
London Majors batting - Pitching for Detroit Red Wings : RHP Mike Santana
|
|
Pitching: RHP Mike Santana
|
|
|
Batting: RHB John Hering
|
0-0: Called Strike 0-1: Ground out 4-3 (Groundball, 4M, EV 111.9 MPH)
|
|
Batting: RHB Brock Van Gilder
|
0-0: Ground out 4-3 (Groundball, 4, EV 96.2 MPH)
|
|
Batting: RHB Frank Caulfield
|
0-0: Foul Ball, location: 2F 0-1: Called Strike 0-2: Strikes out looking
|
| Top of the 1st over - 0 runs, 0 hits, 0 errors, 0 left on base; London 0 - Detroit 0 |
| BOTTOM OF THE 1ST |
|
Detroit Red Wings batting - Pitching for London Majors : LHP Eddie Muniz
|
|
Pitching: LHP Eddie Muniz
|
|
|
Batting: RHB Carlos Armenteros
|
0-0: Called Strike 0-1: Ground out 4-3 (Groundball, 4M, EV 86.2 MPH)
|
|
Batting: LHB Jon Frederick
|
0-0: Ball 1-0: Ball 2-0: Ball 3-0: Called Strike 3-1: Called Strike 3-2: Strikes out looking
|
|
Batting: LHB George Moran
|
0-0: Swinging Strike 0-1: Fly out, F7 (Flyball, 7LM, EV 106.2 MPH)
|
| Bottom of the 1st over - 0 runs, 0 hits, 0 errors, 0 left on base; London 0 - Detroit 0 |
| TOP OF THE 2ND |
|
London Majors batting - Pitching for Detroit Red Wings : RHP Mike Santana
|
|
Batting: LHB Frank Nelson
|
0-0: Foul Ball, location: 2F 0-1: Fly out, F7 (Flyball, 7S, EV 90.0 MPH)
|
|
Batting: RHB Chris Martin
|
0-0: Called Strike 0-1: Ball 1-1: SOLO HOME RUN (Flyball, 7LD, EV 94.4 MPH), Distance : 355 ft
|
|
Batting: LHB Kurt Estep
|
0-0: Fly out, F8 (Flyball, 78M, EV 84.4 MPH)
|
|
Batting: RHB Luis Gomez
|
0-0: Ball 1-0: Fly out, F8 (Flyball, 89S, EV 90.6 MPH)
|
| Top of the 2nd over - 1 run, 1 hit, 0 errors, 0 left on base; London 1 - Detroit 0 |
| BOTTOM OF THE 2ND |
|
Detroit Red Wings batting - Pitching for London Majors : LHP Eddie Muniz
|
|
Batting: SHB Ross Holland
|
0-0: Ball 1-0: Called Strike 1-1: Ball 2-1: Ball 3-1: Foul Ball, location: 2F 3-2: Ground out 4-3 (Groundball, 4M, EV 81.9 MPH)
|
|
Batting: RHB Tony Nunez
|
0-0: Ball 1-0: Ball 2-0: Fly out, F8 (Flyball, 8LM, EV 90.6 MPH)
|
|
Batting: LHB Glen Boyle
|
0-0: Called Strike 0-1: Called Strike 0-2: Fly out, F8 (Flyball, 78D, EV 103.8 MPH)
|
| Bottom of the 2nd over - 0 runs, 0 hits, 0 errors, 0 left on base; London 1 - Detroit 0 |
| TOP OF THE 3RD |
|
London Majors batting - Pitching for Detroit Red Wings : RHP Mike Santana
|
|
Batting: RHB Bobby Lasaguna
|
0-0: Ball 1-0: Called Strike 1-1: Reached via error on a dropped throw from 3B, E3 (Groundball, 56S, EV 69.4 MPH)
|
|
Batting: RHB Terry Plumley
|
0-0: Fly out, F7 (Flyball, 78D, EV 94.4 MPH)
|
|
Batting: RHB John Hering
|
0-0: Ball Bobby Lasaguna steals 2nd base 1-0: Foul Ball, location: 2F 1-1: Foul Ball, location: 2F 1-2: Ball 2-2: Ball 3-2: Strikes out swinging
|
|
Batting: RHB Brock Van Gilder
|
0-0: SINGLE (Line Drive, 56D, EV 95.0 MPH) Bobby Lasaguna to third Runner from 3rd tries for Home, throw by LF and OUT! 7-2
|
| Top of the 3rd over - 0 runs, 1 hit, 1 error, 1 left on base; London 1 - Detroit 0 |
| BOTTOM OF THE 3RD |
|
Detroit Red Wings batting - Pitching for London Majors : LHP Eddie Muniz
|
|
Batting: LHB Brad Gaskill
|
0-0: Foul Ball, location: 2F 0-1: Foul Ball, location: 2F 0-2: Fly out, F7 (Flyball, 7D, EV 89.4 MPH)
|
|
Batting: RHB Jeremiah Washington
|
0-0: Ball 1-0: Ground out 6-3 (Groundball, 6, EV 104.4 MPH)
|
|
Batting: RHB Tony Murray
|
0-0: Called Strike 0-1: Foul Ball, location: 2F 0-2: Ball 1-2: Fly out, F7 (Flyball, 7S, EV 87.5 MPH)
|
| Bottom of the 3rd over - 0 runs, 0 hits, 0 errors, 0 left on base; London 1 - Detroit 0 |
| TOP OF THE 4TH |
|
London Majors batting - Pitching for Detroit Red Wings : RHP Mike Santana
|
|
Batting: RHB Frank Caulfield
|
0-0: Ball 1-0: SINGLE (Line Drive, 9S, EV 96.9 MPH)
|
|
Batting: LHB Frank Nelson
|
0-0: Ball 1-0: Ball 2-0: Ball Frank Caulfield steals 2nd base 3-0: Called Strike 3-1: Called Strike 3-2: Foul Ball, location: 2F 3-2: Base on Balls
|
|
Batting: RHB Chris Martin
|
0-0: Ball 1-0: Called Strike 1-1: Ball 2-1: Foul Ball, location: 2F 2-2: Ground out 6-3 (Groundball, P, EV 78.8 MPH) Frank Caulfield to third Frank Nelson to second
|
|
Batting: LHB Kurt Estep
|
0-0: Ball 1-0: Ball 2-0: Fly out, F8 (Line Drive, 8RD, EV 91.9 MPH) Runner from 3rd tags up, SCORES, throw by CF Frank Nelson to third
|
|
Batting: RHB Luis Gomez
|
0-0: Foul Ball, location: 2F 0-1: Ball Wild Pitch! Frank Nelson scores 1-1: Ball 2-1: Called Strike 2-2: SINGLE (Flyball, 5D, EV 92.5 MPH)
|
|
Batting: RHB Bobby Lasaguna
|
0-0: Ball 1-0: Ball 2-0: Called Strike Luis Gomez steals 2nd base 2-1: Fly out, F8 (Flyball, 8LM, EV 90.0 MPH)
|
| Top of the 4th over - 2 runs, 2 hits, 0 errors, 1 left on base; London 3 - Detroit 0 |
| BOTTOM OF THE 4TH |
|
Detroit Red Wings batting - Pitching for London Majors : LHP Eddie Muniz
|
|
Batting: RHB Carlos Armenteros
|
0-0: Ground out 4-3 (Groundball, P, EV 85.6 MPH)
|
|
Batting: LHB Jon Frederick
|
0-0: Ball 1-0: Foul Ball, location: 2F 1-1: Ball 2-1: Ball 3-1: Base on Balls
|
|
Batting: LHB George Moran
|
0-0: Ball 1-0: Foul Ball, location: 2F 1-1: Fly out, F9 (Line Drive, 9D, EV 93.1 MPH)
|
|
Batting: SHB Ross Holland
|
0-0: Ball 1-0: Called Strike 1-1: Ball 2-1: Foul Ball, location: 2F 2-2: Strikes out swinging
|
| Bottom of the 4th over - 0 runs, 0 hits, 0 errors, 1 left on base; London 3 - Detroit 0 |
| TOP OF THE 5TH |
|
London Majors batting - Pitching for Detroit Red Wings : RHP Mike Santana
|
|
Batting: RHB Terry Plumley
|
0-0: Called Strike 0-1: Foul Ball, location: 2F 0-2: Ball 1-2: Foul Ball, location: 2F 1-2: Ground out 2-3 (Groundball, 13S, EV 64.4 MPH)
|
|
Batting: RHB John Hering
|
0-0: Ball 1-0: Foul Ball, location: 2F 1-1: Foul Ball, location: 2F 1-2: Ball 2-2: Ball 3-2: Foul Ball, location: 2F 3-2: Fly out, F9 (Flyball, 9D, EV 108.8 MPH)
|
|
Batting: RHB Brock Van Gilder
|
0-0: Ball 1-0: Ball 2-0: Ball 3-0: Called Strike 3-1: Base on Balls
|
|
Batting: RHB Frank Caulfield
|
0-0: Called Strike 0-1: Called Strike Brock Van Gilder steals 2nd base 0-2: Ball 1-2: Ground out U3 (Groundball, 34, EV 88.1 MPH)
|
| Top of the 5th over - 0 runs, 0 hits, 0 errors, 1 left on base; London 3 - Detroit 0 |
| BOTTOM OF THE 5TH |
|
Detroit Red Wings batting - Pitching for London Majors : LHP Eddie Muniz
|
|
Batting: RHB Tony Nunez
|
0-0: Called Strike 0-1: Called Strike 0-2: Ball 1-2: Fly out, F7 (Flyball, 7D, EV 98.1 MPH)
|
|
Batting: LHB Glen Boyle
|
0-0: Called Strike 0-1: Foul Ball, location: 2F 0-2: Ball 1-2: Strikes out swinging
|
|
Batting: LHB Brad Gaskill
|
0-0: Ball 1-0: Swinging Strike 1-1: Ball 2-1: Foul Ball, location: 2F 2-2: Ball 3-2: Base on Balls
|
|
Batting: RHB Jeremiah Washington
|
0-0: Ball Wild Pitch! Brad Gaskill to second 1-0: Ball 2-0: Foul Ball, location: 2F 2-1: Foul Ball, location: 2F 2-2: Foul Ball, location: 2F 2-2: Strikes out looking
|
| Bottom of the 5th over - 0 runs, 0 hits, 0 errors, 1 left on base; London 3 - Detroit 0 |
| TOP OF THE 6TH |
|
London Majors batting - Pitching for Detroit Red Wings : RHP Mike Santana
|
|
Batting: LHB Frank Nelson
|
0-0: Ball 1-0: Foul Ball, location: 2F 1-1: Called Strike 1-2: Foul Ball, location: 2F 1-2: Foul Ball, location: 2F 1-2: Fly out, F8 (Flyball, 8LXD, EV 99.4 MPH)
|
|
Batting: RHB Chris Martin
|
0-0: Ball 1-0: Swinging Strike 1-1: Ball 2-1: Ball 3-1: Foul Ball, location: 2F 3-2: Foul Ball, location: 2F 3-2: Ground out 6-3 (Groundball, 6, EV 101.9 MPH)
|
|
Batting: LHB Kurt Estep
|
0-0: Ball 1-0: Ball 2-0: Called Strike 2-1: Foul Ball, location: 2F 2-2: Foul Ball, location: 2F 2-2: Ball 3-2: Strikes out swinging
|
| Top of the 6th over - 0 runs, 0 hits, 0 errors, 0 left on base; London 3 - Detroit 0 |
| BOTTOM OF THE 6TH |
|
Detroit Red Wings batting - Pitching for London Majors : LHP Eddie Muniz
|
|
Batting: RHB Tony Murray
|
0-0: Called Strike 0-1: Ball 1-1: Foul Ball, location: 2F 1-2: Ball 2-2: SINGLE (Groundball, 34D, EV 96.9 MPH)
|
|
Batting: RHB Carlos Armenteros
|
0-0: Foul Ball, location: 2F 0-1: Foul Ball, location: 2F 0-2: Foul Ball, location: 2F 0-2: Ball 1-2: Fly out, F3 (Popup, 23, EV 86.2 MPH)
|
|
Batting: LHB Jon Frederick
|
0-0: Called Strike 0-1: Ball 1-1: Ball 2-1: Fly out, F8 (Flyball, 8RD, EV 92.5 MPH)
|
|
Batting: LHB George Moran
|
0-0: Foul Ball, location: 2F 0-1: Ball 1-1: Foul Ball, location: 2F 1-2: SINGLE (Groundball, 4D, EV 96.2 MPH) Tony Murray to second Runner from 2nd tries for 3rd, SAFE, throw by CF made to third
|
|
Pitching: RHP Tim Donovan
|
|
|
Batting: SHB Ross Holland
|
0-0: Fly out, F8 (Line Drive, 8LM, EV 92.5 MPH)
|
| Bottom of the 6th over - 0 runs, 2 hits, 0 errors, 2 left on base; London 3 - Detroit 0 |
| TOP OF THE 7TH |
|
London Majors batting - Pitching for Detroit Red Wings : RHP Mike Santana
|
|
Batting: RHB Luis Gomez
|
0-0: Called Strike 0-1: Ball 1-1: Swinging Strike 1-2: Ball 2-2: Fly out, F9 (Flyball, 89M, EV 88.1 MPH)
|
|
Batting: RHB Bobby Lasaguna
|
0-0: Ball 1-0: Ball 2-0: Called Strike 2-1: Swinging Strike 2-2: SINGLE (Line Drive, 8RS, EV 88.8 MPH)
|
|
Batting: RHB Terry Plumley
|
0-0: Called Strike Bobby Lasaguna steals 2nd base 0-1: Hit by Pitch
|
|
Batting: RHB John Hering
|
0-0: Called Strike 0-1: Ball 1-1: Called Strike 1-2: Ball 2-2: Ball 3-2: Base on Balls Bobby Lasaguna to third Terry Plumley to second
|
|
Batting: RHB Brock Van Gilder
|
0-0: Ball 1-0: Foul Ball, location: 2F 1-1: Called Strike 1-2: Grounds into fielders choice 1-2 (Groundball, 13S, EV 69.4 MPH) Terry Plumley to third John Hering to second
|
|
Batting: RHB Frank Caulfield
|
0-0: Called Strike 0-1: Ball 1-1: Ball 2-1: Ball 3-1: Fly out, F8 (Flyball, 78D, EV 96.2 MPH)
|
| Top of the 7th over - 0 runs, 1 hit, 0 errors, 3 left on base; London 3 - Detroit 0 |
| BOTTOM OF THE 7TH |
|
Detroit Red Wings batting - Pitching for London Majors : RHP Tim Donovan
|
|
Batting: RHB Tony Nunez
|
0-0: Foul Ball, location: 2F 0-1: Fly out, F7 (Flyball, 7S, EV 85.6 MPH)
|
|
Batting: LHB Glen Boyle
|
0-0: Ball 1-0: Ball 2-0: Called Strike 2-1: Swinging Strike 2-2: Foul Ball, location: 2F 2-2: Strikes out swinging
|
|
Batting: LHB Brad Gaskill
|
0-0: Ground out 5-3 (Groundball, 56, EV 88.8 MPH)
|
| Bottom of the 7th over - 0 runs, 0 hits, 0 errors, 0 left on base; London 3 - Detroit 0 |
| TOP OF THE 8TH |
|
London Majors batting - Pitching for Detroit Red Wings : RHP Mike Santana
|
|
Batting: LHB Frank Nelson
|
0-0: Called Strike 0-1: Fly out, F9 (Flyball, 9LM, EV 96.9 MPH)
|
|
Batting: RHB Chris Martin
|
0-0: Foul Ball, location: 2F 0-1: Swinging Strike 0-2: Ball 1-2: Ball 2-2: Strikes out looking
|
|
Batting: LHB Kurt Estep
|
0-0: Ball 1-0: Ball 2-0: Ball 3-0: Base on Balls
|
|
Pitching: RHP Adam Fisher
|
|
|
Batting: RHB Luis Gomez
|
0-0: Called Strike 0-1: Fly out, F9 (Flyball, 9, EV 80.0 MPH)
|
| Top of the 8th over - 0 runs, 0 hits, 0 errors, 1 left on base; London 3 - Detroit 0 |
| BOTTOM OF THE 8TH |
|
Detroit Red Wings batting - Pitching for London Majors : RHP Tim Donovan
|
|
Batting: RHB Jeremiah Washington
|
0-0: SINGLE (Groundball, 6MD, EV 100.6 MPH)
|
|
Batting: RHB Tony Murray
|
0-0: Swinging Strike 0-1: Fly out, F7 (Flyball, 78M, EV 91.9 MPH)
|
|
Batting: RHB Carlos Armenteros
|
0-0: Ball 1-0: Ball 2-0: Ball 3-0: Base on Balls Jeremiah Washington to second
|
|
Pitching: LHP Mike Hayden
|
|
|
Batting: LHB Jon Frederick
|
0-0: Swinging Strike 0-1: Ball 1-1: Ball 2-1: Fly out, F8 (Flyball, 8LXD, EV 95.0 MPH) Runner from 2nd tags up, SAFE at 3rd, no throw by CF
|
|
Batting: LHB George Moran
|
0-0: Called Strike 0-1: Called Strike 0-2: Foul Ball, location: 2F 0-2: Foul Ball, location: 2F 0-2: Ball 1-2: SINGLE (Groundball, 6M, EV 103.1 MPH) (infield hit) Jeremiah Washington scores Carlos Armenteros to second
|
|
Pitching: RHP Sergio Valdivia
|
|
|
Batting: SHB Ross Holland
|
0-0: SINGLE (Groundball, 4M, EV 105.6 MPH) (infield hit) Carlos Armenteros to third George Moran to second
|
|
Batting: RHB Tony Nunez
|
0-0: Ball 1-0: Called Strike 1-1: Foul Ball, location: 2F 1-2: Foul Ball, location: 2F 1-2: Strikes out swinging
|
| Bottom of the 8th over - 1 run, 3 hits, 0 errors, 3 left on base; London 3 - Detroit 1 |
| TOP OF THE 9TH |
|
London Majors batting - Pitching for Detroit Red Wings : RHP Adam Fisher
|
|
Batting: RHB Bobby Lasaguna
|
0-0: Ball 1-0: Ball 2-0: Ball 3-0: Base on Balls
|
|
Batting: LHB Devin Huber
|
0-0: Ball 1-0: Called Strike Bobby Lasaguna steals 2nd base 1-1: Intentional Walk
|
|
Batting: RHB John Hering
|
0-0: Called Strike 0-1: Foul Ball, location: 2F 0-2: Ball 1-2: Ball 2-2: Ball 3-2: SINGLE (Line Drive, 8RS, EV 95.0 MPH) Bobby Lasaguna to third Devin Huber to second Runner from 3rd tries for Home, SAFE, throw by CF to home
|
|
Batting: RHB Brock Van Gilder
|
0-0: Bunted foul 0-1: Ball 1-1: Sac Bunt to 2R - play at first, batter OUT! 2-4 Devin Huber to third John Hering to second
|
|
Batting: RHB Frank Caulfield
|
0-0: Ball 1-0: SINGLE (Line Drive, 89S, EV 110.0 MPH) Devin Huber scores John Hering to third Runner from 3rd tries for Home, SAFE, throw by RF to home
|
|
Batting: LHB Frank Nelson
|
0-0: Ball 1-0: Ball 2-0: Ball 3-0: Called Strike 3-1: Called Strike 3-2: Foul Ball, location: 2F 3-2: Foul Ball, location: 2F 3-2: Fly out, F8 (Line Drive, 8LS, EV 94.4 MPH)
|
|
Batting: RHB Chris Martin
|
0-0: Ball 1-0: DOUBLE (Flyball, 8RXD, EV 100.0 MPH) Frank Caulfield to third Runner from 3rd tries for Home, SAFE, throw by CF to home
|
|
Batting: LHB Kurt Estep
|
0-0: Called Strike 0-1: Called Strike 0-2: DOUBLE (Flyball, 7LD, EV 102.5 MPH) Chris Martin scores
|
|
Pinch Hitting: RHB Mike Chamberlain
|
0-0: Ball 1-0: Ball 2-0: TRIPLE (Line Drive, 78XD, EV 110.6 MPH) Kurt Estep scores
|
|
Batting: RHB Bobby Lasaguna
|
0-0: Ball 1-0: Swinging Strike 1-1: Ball 2-1: Ball 3-1: Base on Balls
|
|
Batting: LHB Devin Huber
|
0-0: Called Strike 0-1: Ball 1-1: SINGLE (Groundball, 4D, EV 107.5 MPH) Mike Chamberlain scores Bobby Lasaguna to second
|
|
Batting: RHB John Hering
|
0-0: Called Strike 0-1: Foul Ball, location: 2F 0-2: SINGLE (Line Drive, 89S, EV 87.5 MPH) Bobby Lasaguna to third Devin Huber to second Runner from 3rd tries for Home, SAFE, throw by RF to home
|
|
Pitching: RHP Jerome Stady
|
|
|
Pinch Hitting: RHB Shunsuke Shiba Inu
|
0-0: Ball 1-0: Ground out 5-3 (Groundball, 56S, EV 66.2 MPH)
|
| Top of the 9th over - 8 runs, 7 hits, 0 errors, 2 left on base; London 11 - Detroit 1 |
| BOTTOM OF THE 9TH |
|
Detroit Red Wings batting - Pitching for London Majors : RHP Sergio Valdivia
|
|
Now at 3B: Mike Chamberlain
|
|
|
Now in LF: Shunsuke Shiba Inu
|
|
|
Pinch Hitting: RHB Juan Perez
|
0-0: Called Strike 0-1: Swinging Strike 0-2: Ball 1-2: Fly out, F5 (Popup, 6S, EV 81.2 MPH)
|
|
Batting: LHB Brad Gaskill
|
0-0: Called Strike 0-1: Ground out 3-1 (Groundball, 34, EV 92.5 MPH)
|
|
Batting: RHB Jeremiah Washington
|
0-0: Foul Ball, location: 2F 0-1: Ball 1-1: Foul Ball, location: 2F 1-2: Ball 2-2: Foul Ball, location: 2F 2-2: Ball 3-2: Foul Ball, location: 2F 3-2: SINGLE (Line Drive, 89S, EV 94.4 MPH)
|
|
Batting: RHB Tony Murray
|
0-0: Ball 1-0: Ball 2-0: Called Strike 2-1: Ground out 5-3 (Groundball, 5S, EV 81.9 MPH)
|
| Bottom of the 9th over - 0 runs, 1 hit, 0 errors, 1 left on base; London 11 - Detroit 1 |
|